AoeStats
← kV0t3

Lombardia

507815124Analyzed
3v3 RM · 12d ago on Sep 19, 2026· 29m 17s· 6 players
Game mode
Random Map
Map size
Normal (6 player)
Population
200
Speed
Normal
Resources
Standard
Victory
Conquest
Starting age
Dark Age
Ending age
Imperial Age
RankedLock teamsTeams togetherTeam positionsShared explorationLock speedFull tech treeHidden civsTurbo modeCheats
Victory
Defeat
🇦🇷 Malians · Argentina
1414
+16
🇦🇷 Franks · Argentina
1402
+17
🇦🇷 Maya · Argentina
1368
+19
🇦🇷 Khmer · Argentina
1434
-18
🇦🇷 Goths · Argentina
1421
-17
🇦🇷 Italians · Argentina
1408
-17
ZIZOU
6:43 Loom
7:18 Loom
9:43 Feudal Age
18:42 Scale Barding Armor
20:39 Castle Age
19:54 Gold Mining
19:52 Double-Bit Axe
21:29 Forging
22:36 Chain Barding Armor
26:59 Imperial Age
25:35 Husbandry
28:05 Iron Casting
kV0t3
0:25 Loom
9:29 Feudal Age
10:15 Double-Bit Axe
18:37 Wheelbarrow
21:28 Castle Age
19:41 Fletching
20:44 Padded Archer Armor
20:38 Gold Mining
20:33 Horse Collar
22:22 Bow Saw
21:36 Crossbowman
25:14 Bodkin Arrow
27:51 Leather Archer Armor
29:31 Ballistics
[@LLNET]ZADBACK
9:53 Loom
12:24 Feudal Age
13:23 Horse Collar
13:16 Man-at-Arms
13:41 Arson
14:20 Double-Bit Axe
15:31 Forging
15:38 Fletching
24:02 Castle Age
25:12 Long Swordsman
25:53 Squires
26:29 Iron Casting
28:21 Scale Barding Armor
Don Tani
6:54 Loom
9:39 Feudal Age
16:58 Double-Bit Axe
17:16 Horse Collar
Busco señora que cobre PUAM
3:27 Loom
9:34 Feudal Age
9toesGG
3:32 Loom
11:13 Feudal Age
15:02 Castle Age
13:18 Horse Collar
20:40 Imperial Age
19:25 Scale Mail Armor
21:21 Anarchy
22:03 Chain Mail Armor
22:13 Conscription
21:59 Squires
25:44 Forging
Connection lost

Rejoining the realm…

Still unreachable

The connection could not be restored.

Session expired

The server has moved on; the page needs a fresh start.